 Dungeon Crawl Stone Soup version 0.29.1-13-g9f3cf754e1 (webtiles) character file.

Game seed: 973878277066449264

21267 croobank the Carver (level 12, -1/86 HPs)
             Began as a Gnoll Wanderer on Jan 21, 2023.
             Was a Priest of Hepliaklqana.
             Killed from afar by an acid dragon (12 damage)
             ... with a splash of acid
             ... on level 2 of the Lair of Beasts on Jan 22, 2023.
             The game lasted 00:46:21 (13269 turns).

croobank the Carver (Gnoll Wanderer)               Turns: 13269, Time: 00:46:21

Health: -1/86      AC: 14    Str: 16    XL:     12   Next: 88%
Magic:  22/24      EV: 15    Int: 14    God:    Hepliaklqana [***...]
Gold:   700        SH:  0    Dex: 16    Spells: 21/27 levels left

rFire   + . .      SeeInvis .   q - +5 demon blade (freeze)
rCold   . . .      Faith    .   (no shield)
rNeg    . . .      Spirit   .   E - +2 swamp dragon scales
rPois   +          Reflect  .   (no helmet)
rElec   .          Harm     .   L - +0 cloak
rCorr   .          Rampage  .   J - +0 pair of gloves
Will    .....                   (no boots)
Stlth   +++.......              (no amulet)
HPRegen 0.24/turn               r - ring of protection from fire
MPRegen 0.19/turn               G - +6 ring of strength

@: wereblooded, frozen, very slow
A: reduced essence, fangs 1, strong nose, distributed training
a: Renounce Religion, Recall Ancestor, Ancestor Identity, Transference


You were on level 2 of the Lair of Beasts.
You worshipped Hepliaklqana.
Hepliaklqana was most pleased with you.
You visited 3 branches of the dungeon, and saw 12 of its levels.

You collected 826 gold pieces.
You spent 126 gold pieces at shops.

Inventory:

Hand Weapons
 a - a +2 falchion
 b - a +0 sling
 c - a +1 dagger of holy wrath
 d - the +4 long sword of Deyczuw {holy, Dex+2}
   (You found it on level 9 of the Dungeon)

   It has been blessed by the Shining One to cause great damage to the undead
   and demons.
   Dex:       It affects your dexterity (+2).
 p - a +0 war axe of freezing
 q - a +5 demon blade of freezing (weapon)
 C - a +1 vampiric spear
 D - a +1 scimitar of flaming
 N - a +5 great sword of flaming
 O - a +2 scimitar of venom
 Q - a +5 trident of protection
 R - a +1 dagger of electrocution
 V - a +3 glaive of flaming
Missiles
 m - 19 poisoned darts (quivered)
Armour
 w - a +0 ring mail
 E - +2 swamp dragon scales (worn)
 H - the +1 pair of boots "Afumakeg" {Fly Slay+2}
   (You found it on level 9 of the Dungeon)

   Slay:      It affects your accuracy & damage with ranged weapons and melee
   (+2).
   Fly:       It grants you flight.
 I - a +2 robe of fire resistance
 J - a +0 pair of gloves (worn)
 K - a scarf of harm
 L - a +0 cloak (worn)
 S - the +5 plate armour of the Arcane {Fly rN++}
   (You found it on level 9 of the Dungeon)

   rN:        It greatly protects you from negative energy.
   Fly:       It grants you flight.
 T - a +4 ring mail of poison resistance
Magical Staves
 h - a staff of death
 U - a staff of earth
Jewellery
 e - a +4 ring of evasion
 i - a ring of protection from fire
 j - a ring of see invisible
 r - a ring of protection from fire (left hand)
 s - a ring of protection from fire
 v - a ring of flight
 G - a +6 ring of strength (right hand)
Wands
 u - a wand of roots (2)
Scrolls
 g - a scroll of poison
 y - a scroll of brand weapon
Potions
 f - 2 potions of brilliance
 k - 4 potions of lignification
 l - 2 potions of attraction
 n - a potion of ambrosia {unknown}
 o - a potion of curing {unknown}
 P - a potion of magic


   Skills:
 + Level 9.5 Fighting
 + Level 8.3 Short Blades
 + Level 11.8 Long Blades
 + Level 8.3 Axes
 + Level 8.3 Maces & Flails
 + Level 8.3 Polearms
 + Level 8.3 Staves
 + Level 8.7 Ranged Weapons
 + Level 8.3 Throwing
 + Level 9.5 Armour
 + Level 8.3 Dodging
 + Level 8.3 Stealth
 + Level 8.3 Shields
 + Level 8.3 Unarmed Combat
 + Level 8.3 Spellcasting
 + Level 6.9 Conjurations
 + Level 6.9 Hexes
 + Level 6.9 Summonings
 + Level 6.9 Necromancy
 + Level 6.9 Translocations
 + Level 6.9 Transmutations
 + Level 6.9 Fire Magic
 + Level 6.9 Ice Magic
 + Level 6.9 Air Magic
 + Level 6.9 Earth Magic
 + Level 6.9 Poison Magic
 + Level 9.1 Invocations
 + Level 8.7 Evocations


You had 21 spell levels left.
You knew the following spells:

 Your Spells              Type           Power      Damage    Failure   Level
a - Wereblood             Tmut           25%        N/A       1%          2
b - Slow                  Hex            100%       N/A       1%          1
c - Summon Guardian Gole  Hex/Summ       25%        N/A       3%          3

Your spell library contained the following spells:

 Spells                   Type           Power      Damage    Failure   Level
 Magic Dart               Conj           100%       1d8       1%          1
 Sandblast                Erth           50%        2d12      1%          1
 Searing Ray              Conj           50%        2d6       1%          2
 Sublimation of Blood     Necr           25%        N/A       1%          2
 Portal Projectile        Hex/Tloc       50%        N/A       3%          3
 Tukima's Dance           Hex            25%        N/A       3%          3
 Petrify                  Tmut/Erth      25%        N/A       12%         4
 Sticky Flame             Conj/Fire      25%        2d5       12%         4
 Blade Hands              Tmut           12%        N/A       32%         5
 Irradiate                Conj/Tmut      12%        3d15      32%         5
 Lightning Bolt           Conj/Air       12%        1d26      32%         5
 Metabolic Englaciation   Hex/Ice        12%        N/A       32%         5
 Silence                  Hex/Air        12%        N/A       32%         5
 Statue Form              Tmut/Erth      16%        N/A       88%         6
 Malign Gateway           Summ/Tloc      12%        N/A       100%        7
 Summon Hydra             Summ           12%        N/A       100%        7
 Summon Horrible Things   Summ           12%        N/A       100%        8


Dungeon Overview and Level Annotations

Branches:
Dungeon (9/15)             Temple (1/1) D:6            Lair (2/5) D:9
  Snake (0/4) Lair:2
  Swamp: Lair:2-3    Shoals: Lair:2-3       Orc: D:9-12

Altars:
Cheibriados
Dithmenos
Elyvilon
Fedhas
Gozag
Hepliaklqana
Kikubaaqudgha
Makhleb
Nemelex Xobeh
Okawaru
Qazlal
Ru
Sif Muna
Trog
Uskayaw
Vehumet
Wu Jian
Xom
Yredelemnul
Zin
The Shining One

Shops:
D:2 ([([(   D:3 (([?(

Annotations:
D:4 2 transporters, Blork the orc; Taurus's ghost, amateur FeSu
D:9 Erolcha


Innate Abilities, Weirdness & Mutations

Your life essence is reduced to manifest your ancestor. (-10% HP)
You have very sharp teeth.
Your uncanny sense of smell can sniff out nearby items.
Your experience applies equally to all skills.


Message History

Your surroundings suddenly seem different. 2 steam dragons, a rime drake and an acid dragon come into view.
The rime drake breathes ice at you. The flash freeze misses you.
The steam dragon barely misses you. The steam dragon closely misses you.
The rime drake closely misses you.
Okay, then.
Okay, then.
You closely miss the acid dragon.
The steam dragon bites you but does no damage.
The steam dragon misses you.
The ball of steam hits Vernon!
Vernon resists.
Vernon is destroyed!
A ball of steam appears from out of your range of vision.
The acid dragon bites you but does no damage.
The acid dragon claws you but does no damage.
Okay, then.
Okay, then.
Okay, then.
Okay, then.
Okay, then.
Aiming: Fastroot
Press: ? - help, Shift-Dir - straight line The roots erupt in riotous growth!
Roots grab the steam dragon.
Roots grab the acid dragon.
Roots grab the rime drake.
Roots grab the steam dragon.
The grasping roots constrict the steam dragon!
The grasping roots constrict the steam dragon.
The grasping roots constrict the rime drake!
The grasping roots constrict the acid dragon.
You hear an angry hiss. x3
The rime drake breathes ice at you. The flash freeze hits you!!
* * * LOW HITPOINT WARNING * * *
You are encased in ice.
The steam dragon bites you.
* * * LOW HITPOINT WARNING * * *
The steam dragon barely misses you. The acid dragon spits acid at you.
The splash of acid hits you!
You die...

.##..... #........#
#..... ∆∆∆ ##≈.......#.
∆...... ∆∆∆
##........... #...>.
##..........# .....
#...≈.......#.=.# ....
##...............##)
#.≈§.8.k.........#..
.......@.....P....#
.....DDD.....#...# .
##≈..............#..#
#...............#..#
#.≈......D.........#
##.!....†k..§...#..
##....~~†~§§....#
######....~♣♣~†§[..#...
##.<.......~♣♣~.k...##..


You could see 2 rime drakes, 3 steam dragons and an acid dragon (catching
breath, rooted).

Vanquished Creatures
  An ogre mage (D:9)
  A two-headed ogre (D:9)
  A deep elf pyromancer (D:9)
  A cyclops (D:9)
  5 elephants (Lair:1)
  A black mamba (Lair:2)
  A cane toad (Lair:2)
  Maggie (D:7)
  2 komodo dragons (Lair:1)
  A hornet (D:9)
  4 blink frogs (Lair:1)
  Sigmund (D:2)
  A wyvern (D:9)
  11 yaks
  Menkaure (D:5)
  5 water moccasins
  3 black bears (D:4)
  4 orc warriors
  5 wolves
  3 ogres
  2 centaurs (D:9)
  A kobold brigand (D:9)
  3 gnoll sergeants
  2 bullfrogs
  A necrophage (D:5)
  4 scorpions
  5 wights (D:8)
  An electric eel (D:9)
  2 howler monkeys
  A jelly (D:7)
  5 orc priests
  A hound (D:6)
  Jessica (D:2)
  4 iguanas
  8 orc wizards
  Ijyb (D:3)
  Terence (D:2)
  Robin (D:2)
  14 gnolls
  3 adders
  2 white imps (D:6)
  2 ufetubi (D:6)
  8 worms
  3 dart slugs
  25 orcs
  6 ball pythons
  7 endoplasms
  5 giant cockroaches
  11 goblins
  10 hobgoblins
  7 jackals
  3 quokkas
  10 bats
  7 frilled lizards
  4 kobolds
  6 rats
230 creatures vanquished.

Vanquished Creatures (collateral kills)
  2 boulder beetles
  A catoblepas (D:9)
  2 elephants (Lair:1)
  2 cane toads (Lair:1)
  3 rime drakes (Lair:2)
  2 komodo dragons (Lair:1)
  A wyvern (D:9)
  A yak (Lair:1)
  A steam dragon (Lair:2)
  A water moccasin (Lair:1)
  3 nagas (Lair:2)
  An orc warrior (D:9)
  A wolf (Lair:1)
  A gnoll sergeant (D:9)
  2 wights (D:9)
  A killer bee (D:9)
  A gnoll bouda (D:9)
  An orc priest (D:9)
  5 gnolls
  4 orcs
  A giant cockroach (D:8)
37 creatures vanquished.

Vanquished Creatures (others)
  A hydra (Lair:2)
  An elephant (Lair:1)
  A cane toad (Lair:2)
  4 rime drakes (Lair:2)
  A komodo dragon (Lair:1)
  3 yaks (Lair:1)
  A basilisk (Lair:1)
  2 steam dragons (Lair:2)
  A naga (Lair:2)
  A bullfrog (Lair:1)
  3 ancestors
  8 battlemagi
  7 fungi
  15 plants
49 creatures vanquished.

Grand Total: 316 creatures vanquished

Notes
Turn   | Place    | Note
-------+----------+-------------------------------------------
     0 | D:1      | croobank the Gnoll Wanderer began the quest for the Orb.
     0 | D:1      | croobank set off with the following items: a +2 falchion, a
                  | +0 sling, a +0 ring mail, a scroll of fear.
     0 | D:1      | Reached XP level 1. HP: 20/20 MP: 1/1
   329 | D:1      | Reached XP level 2. HP: 26/26 MP: 2/2
   628 | D:1      | Reached XP level 3. HP: 31/31 MP: 3/3
  1095 | D:2      | Found a faded altar of an unknown god.
  1108 | D:2      | Reached skill level 1 in Invocations
  1313 | D:2      | Reached skill level 1 in Short Blades
  1313 | D:2      | Reached skill level 1 in Axes
  1313 | D:2      | Reached skill level 1 in Maces & Flails
  1313 | D:2      | Reached skill level 1 in Polearms
  1313 | D:2      | Reached skill level 1 in Staves
  1313 | D:2      | Reached skill level 1 in Throwing
  1313 | D:2      | Reached skill level 1 in Dodging
  1313 | D:2      | Reached skill level 1 in Stealth
  1313 | D:2      | Reached skill level 1 in Shields
  1313 | D:2      | Reached skill level 1 in Unarmed Combat
  1313 | D:2      | Reached skill level 1 in Spellcasting
  1317 | D:2      | Noticed Robin
  1354 | D:2      | Found Duvo Urch's Antique Weapon Shop.
  1360 | D:2      | Killed Robin
  1361 | D:2      | Reached XP level 4. HP: 14/38 MP: 5/5
  1682 | D:2      | Found Hoaserph's Antique Weapon Emporium.
  1781 | D:2      | Found Menycas's Antique Armour Shoppe.
  1801 | D:2      | Noticed Jessica
  1803 | D:2      | Killed Jessica
  1804 | D:2      | Reached skill level 1 in Conjurations
  1804 | D:2      | Reached skill level 1 in Hexes
  1804 | D:2      | Reached skill level 1 in Summonings
  1804 | D:2      | Reached skill level 1 in Necromancy
  1804 | D:2      | Reached skill level 1 in Translocations
  1804 | D:2      | Reached skill level 1 in Transmutations
  1804 | D:2      | Reached skill level 1 in Fire Magic
  1804 | D:2      | Reached skill level 1 in Ice Magic
  1804 | D:2      | Reached skill level 1 in Air Magic
  1804 | D:2      | Reached skill level 1 in Earth Magic
  1804 | D:2      | Reached skill level 1 in Poison Magic
  1869 | D:2      | Found Evehuc's Weapon Shop.
  1873 | D:2      | Noticed Terence
  1943 | D:3      | Found Fysorch's Antique Weapon Boutique.
  1954 | D:3      | Noticed Ijyb
  1977 | D:3      | Killed Ijyb
  1978 | D:3      | Reached XP level 5. HP: 29/43 MP: 5/7
  1999 | D:3      | Found Emixzo's Armour Boutique.
  2183 | D:3      | Found Potwinurph's Weapon Shop.
  2229 | D:3      | Found a hide-covered altar of Uskayaw.
  2230 | D:3      | Found Etzin's Weapon Shop.
  2308 | D:3      | Found Koisk's Magic Scroll Boutique.
  2318 | D:3      | Bought a scroll of identify for 28 gold pieces
  2318 | D:3      | Bought a scroll of identify for 28 gold pieces
  2318 | D:3      | Bought a scroll of identify for 28 gold pieces
  2318 | D:3      | Bought a scroll of teleportation for 42 gold pieces
  2565 | D:4      | Noticed Blork the orc
  2589 | D:4      | Noticed an ogre
  2785 | D:4      | Killed an ogre
  2786 | D:4      | Reached XP level 6. HP: 50/50 MP: 8/8
  2787 | D:4      | Found a transporter.
  2791 | D:4      | Found a transporter.
  2793 | D:4      | Noticed Taurus's ghost (amateur FeSu)
  2830 | D:4      | Reached skill level 5 in Fighting
  2830 | D:4      | Reached skill level 5 in Armour
  2860 | D:4      | Noticed a black bear
  2865 | D:4      | Killed a black bear
  3193 | D:4      | Noticed a black bear
  3206 | D:4      | Killed a black bear
  3207 | D:4      | Reached XP level 7. HP: 46/56 MP: 10/10
  3437 | D:4      | Learned a level 2 spell: Wereblood
  3534 | D:5      | Entered Level 5 of the Dungeon
  3628 | D:5      | Reached skill level 9 in Long Blades
  3901 | D:5      | Noticed Menkaure
  3904 | D:5      | Killed Menkaure
  4091 | D:5      | Found a stormy altar of Qazlal.
  4309 | D:5      | Found an ancient bone altar of Kikubaaqudgha.
  4341 | D:5      | Reached XP level 8. HP: 54/63 MP: 12/12
  4860 | D:6      | Reached skill level 5 in Short Blades
  4860 | D:6      | Reached skill level 10 in Long Blades
  4860 | D:6      | Reached skill level 5 in Axes
  4860 | D:6      | Reached skill level 5 in Maces & Flails
  4860 | D:6      | Reached skill level 5 in Polearms
  4860 | D:6      | Reached skill level 5 in Staves
  4860 | D:6      | Reached skill level 5 in Throwing
  4860 | D:6      | Reached skill level 5 in Dodging
  4860 | D:6      | Reached skill level 5 in Stealth
  4860 | D:6      | Reached skill level 5 in Shields
  4860 | D:6      | Reached skill level 5 in Unarmed Combat
  4860 | D:6      | Reached skill level 5 in Spellcasting
  4860 | D:6      | Reached XP level 9. HP: 72/72 MP: 12/17
  4951 | D:6      | Found a burning altar of Makhleb.
  4987 | D:6      | Identified the +8 falchion of the Hidden Mice {vorpal,
                  | Fragile rPois rC++}
  5017 | D:6      | Got Yqokenn's Starting Incantation
  5125 | D:6      | Found a staircase to the Ecumenical Temple.
  5146 | Temple   | Entered the Ecumenical Temple
  5202 | Temple   | Became a worshipper of Hepliaklqana the Forgotten
  5646 | D:6      | Reached * piety under Hepliaklqana
  6216 | D:7      | Noticed Maggie
  6233 | D:7      | Killed Maggie
  6614 | D:7      | Reached skill level 5 in Conjurations
  6614 | D:7      | Reached skill level 5 in Hexes
  6614 | D:7      | Reached skill level 5 in Summonings
  6614 | D:7      | Reached skill level 5 in Necromancy
  6614 | D:7      | Reached skill level 5 in Translocations
  6614 | D:7      | Reached skill level 5 in Transmutations
  6614 | D:7      | Reached skill level 5 in Fire Magic
  6614 | D:7      | Reached skill level 5 in Ice Magic
  6614 | D:7      | Reached skill level 5 in Air Magic
  6614 | D:7      | Reached skill level 5 in Earth Magic
  6614 | D:7      | Reached skill level 5 in Poison Magic
  6614 | D:7      | Reached XP level 10. HP: 44/72 MP: 17/19
  7293 | D:2      | Noticed Sigmund
  7295 | D:2      | Found Quis's Armour Shop.
  7312 | D:2      | Killed Sigmund
  7464 | D:2      | Killed Terence
  8549 | D:8      | Found a sacrificial altar of Ru.
  8549 | D:8      | Reached ** piety under Hepliaklqana
  9215 | D:9      | Noticed Erolcha
  9241 | D:9      | Found a staircase to the Lair.
  9823 | D:9      | Noticed an ogre mage
  9824 | D:9      | Paralysed by an ogre mage for 5 turns
  9833 | D:9      | Remembered your ancestor Vernon as a battlemage
  9846 | D:9      | HP: 2/72 [something (17)]
  9847 | D:9      | Killed an ogre mage
  9848 | D:9      | Reached XP level 11. HP: 3/77 MP: 20/20
  9928 | D:9      | Learned a level 1 spell: Slow
 10341 | D:9      | Found an iron altar of Okawaru.
 10434 | D:9      | Noticed a boulder beetle
 10434 | D:9      | Noticed a deep elf pyromancer
 10434 | D:9      | Noticed a catoblepas
 10469 | D:9      | Killed a deep elf pyromancer
 10470 | D:9      | Killed a boulder beetle
 10474 | D:9      | Reached skill level 11 in Long Blades
 10475 | D:9      | Killed a catoblepas
 10574 | D:9      | Noticed a two-headed ogre
 10588 | D:9      | Killed a two-headed ogre
 10710 | D:9      | Identified the +4 long sword of Deyczuw {holy, Dex+2}
 10710 | D:9      | Identified the +1 pair of boots "Afumakeg" {Fly Slay+2}
 10710 | D:9      | Identified the +5 plate armour of the Arcane {Fly rN++}
 10723 | D:9      | Noticed a cyclops
 10733 | D:9      | Killed a cyclops
 10751 | D:9      | Noticed a seven-headed hydra
 10952 | Lair:1   | Entered Level 1 of the Lair of Beasts
 10959 | Lair:1   | Noticed a boulder beetle
 11135 | Lair:1   | Killed a boulder beetle
 11562 | Lair:1   | Identified 2 scrolls of acquirement
 11562 | Lair:1   | Acquired the Commentary on Ruinous Malediction
 11568 | Lair:1   | Learned a level 3 spell: Summon Guardian Golem
 11649 | Lair:1   | Acquired a +5 demon blade of freezing
 12314 | Lair:2   | Reached *** piety under Hepliaklqana
 12319 | Lair:2   | Found a staircase to the Snake Pit.
 12394 | Lair:2   | Reached XP level 12. HP: 65/84 MP: 16/23
 12473 | Lair:2   | Noticed a four-headed hydra
 12485 | Lair:2   | Killed a four-headed hydra
 13269 | Lair:2   | Killed from afar by an acid dragon

Illustrated notes

Levels and vault maps discovered:
D:1:      mrwooster_arrival_arrow, layout_loops_ring, serial_bayou_ford_a,
          kennysheep_another_room
D:2:      layout_basic, basic_ecumenical_altar, serial_shops,
          nicolae_shop_advertising_works [nicolae_subvault_shop_adworks],
          nicolae_diamond_shop, shop, shop, nicolae_shop_waterfront,
          uniq_jessica, uniq_sigmund, uniq_terence, uniq_robin
D:3:      layout_basic, mainiacjoe_overflow_paths, serial_shops, shop,
          nicolae_shop_trees, nicolae_shop_hallway_plus, shop,
          nicolae_shop_trees, serial_park_tiny_1, uniq_ijyb
D:4:      layout_basic, gammafunk_ghost_mausoleum, minmay_surrounded,
          uniq_blork_the_orc
D:5:      layout_gridville, mainiacjoe_overflow_six_doors_small,
          kiku_gazebo_garden_becter, nicolae_wormholes, uniq_menkaure
D:6:      layout_cave_pods, mainiacjoe_overflow_boulevard,
          minmay_temple_entry_arrows
D:7:      layout_basic, uniq_maggie
D:8:      layout_rooms, nicolae_ru_great_annihilating_truth
D:9:      minmay_the_grid_plus [minmay_the_grid_plusring, minmay_the_grid_doors,
          minmay_the_grid_mess, minmay_the_grid_eight,
          minmay_the_grid_prize_shrinking_boxes], layout_basic,
          lemuel_round_altar, minivault_26, uniq_erolcha
Temple:   bh_familiar_temple
Lair:1:   layout_hall_layers, grunt_megastairs_4
Lair:2:   layout_gridlike, guppyfry_snake_entry_garden, serial_bayou_lagoon_a,
          chequers_serial_rivers_micro_a, bobbens_dragon_lair_wall

Skill      XL: |  1  2  3  4  5  6  7  8  9 10 11 12 |
---------------+-------------------------------------+-----
Invocations    | 1 2 3 6 7 8 9 |  9.1
Short Blades   | 1 2 3 5 6 7 8 |  8.3
Axes           | 1 2 3 5 6 7 8 |  8.3
Maces & Flails | 1 2 3 5 6 7 8 |  8.3
Polearms       | 1 2 3 5 6 7 8 |  8.3
Staves         | 1 2 3 5 6 7 8 |  8.3
Throwing       | 1 2 3 5 6 7 8 |  8.3
Dodging        | 1 2 3 5 6 7 8 |  8.3
Stealth        | 1 2 3 5 6 7 8 |  8.3
Shields        | 1 2 3 5 6 7 8 |  8.3
Unarmed Combat | 1 2 3 5 6 7 8 |  8.3
Spellcasting   | 1 2 3 5 6 7 8 |  8.3
Conjurations   | 1 2 4 5 6 |  6.9
Hexes          | 1 2 4 5 6 |  6.9
Summonings     | 1 2 4 5 6 |  6.9
Necromancy     | 1 2 4 5 6 |  6.9
Translocations | 1 2 4 5 6 |  6.9
Transmutations | 1 2 4 5 6 |  6.9
Fire Magic     | 1 2 4 5 6 |  6.9
Ice Magic      | 1 2 4 5 6 |  6.9
Air Magic      | 1 2 4 5 6 |  6.9
Earth Magic    | 1 2 4 5 6 |  6.9
Poison Magic   | 1 2 4 5 6 |  6.9
Ranged Weapons | 3 4 6 7 8 |  8.7
Evocations     | 3 4 6 7 8 |  8.7
Fighting       | 5 7 8 9 |  9.5
Armour         | 5 7 8 9 |  9.5
Long Blades    | 9 10 11 | 11.8

Action                   |  1- 3 |  4- 6 |  7- 9 | 10-12 || total
-------------------------+-------+-------+-------+-------++-------
Melee: Falchion          |   113 |   119 |   199 |   291 ||   722
       Bite              |     9 |     9 |    23 |    41 ||    82
       Punch             |     2 |       |     8 |    30 ||    40
       Demon blade       |       |       |       |    43 ||    43
Throw: Dart              |       |     9 |       |     8 ||    17
       Throwing net      |       |       |       |     1 ||     1
 Cast: Wereblood         |       |       |     2 |    20 ||    22
       Slow              |       |       |       |    38 ||    38
       Summon Guardian G |       |       |       |    11 ||    11
Invok: Ancestor Identity |       |       |     1 |       ||     1
       Ancestor Life: Ba |       |       |       |     1 ||     1
Evoke: Wand              |       |     6 |     7 |    15 ||    28
  Use: Scroll            |       |     5 |     2 |    25 ||    32
       Potion            |       |       |     1 |     3 ||     4
 Stab: Sleeping          |       |     1 |     5 |     5 ||    11
       Distracted        |       |       |       |     8 ||     8
       Petrified         |       |       |       |     3 ||     3
Armor: Ring mail         |    46 |    36 |    32 |       ||   114
       Swamp dragon scal |       |       |     2 |   118 ||   120
Dodge: Dodged            |    96 |   100 |   110 |   323 ||   629
